 Dungeon Crawl Stone Soup version 0.22-a0-429-g97ce8ef (webtiles) character file.

224 Azzok the Skirmisher (level 5, -12/53 HPs)
             Began as a Minotaur Fighter on May 25, 2018.
             Mangled by an ogre
             ... wielding a +0 giant club
              (17 damage)
             ... on level 4 of the Dungeon.
             The game lasted 00:03:03 (2122 turns).

Azzok the Skirmisher (Minotaur Fighter)             Turns: 2122, Time: 00:03:03

Health: -12/53     AC:  8    Str: 22    XL:     5   Next: 67%
Magic:  4/4        EV:  9    Int:  5    God:
Gold:   175        SH:  0    Dex:  9    Spells: 4/4 levels left

rFire    . . .     SeeInvis .   a - +0 long sword
rCold    . . .     Gourm    .   (no shield)
rNeg     . . .     Faith    .   b - +0 scale mail
rPois    .         Spirit   .   (helmet restricted)
rElec    .         Reflect  .   (no cloak)
rCorr    .         Harm     .   q - +0 pair of gloves
MR       .....                  (no boots)
Stlth    ..........             (no amulet)
HPRegen  0.17/turn              (no ring)
MPRegen  0.09/turn              (no ring)

@: no status effects
A: retaliatory headbutt, horns 2
a: no special abilities


You were on level 4 of the Dungeon.
You were not hungry.

You visited 1 branch of the dungeon, and saw 4 of its levels.

You collected 175 gold pieces.

Inventory:

Hand Weapons
 a - a +0 long sword (weapon)
Missiles
 k - 18 arrows
Armour
 b - a +0 scale mail (worn)
 c - a +0 shield
 q - a +0 pair of gloves (worn)
Jewellery
 p - a +5 ring of dexterity {unknown}
Scrolls
 e - a scroll of teleportation {unknown}
 g - a scroll of enchant armour {unknown}
 h - 4 scrolls of random uselessness {unknown}
 i - a scroll of noise {unknown}
 j - a scroll of immolation {unknown}
 l - 2 scrolls of remove curse {unknown}
 m - 5 scrolls of identify {unknown}
 o - a scroll of fog {unknown}
Potions
 d - 3 potions of might
 n - a potion of berserk rage {unknown}
 s - 2 potions of curing {unknown}
 t - a potion of degeneration {unknown}
Comestibles
 f - 8 rations
 r - 8 chunks of flesh


   Skills:
 + Level 7.8 Fighting
 - Level 2.4 Long Blades
 - Level 3.6 Armour
 - Level 3.6 Shields


You had 4 spell levels left.
You didn't know any spells.
Your spell library contained the following spells:

 Spells                   Type           Power        Failure   Level  Hunger
 Summon Small Mammal      Summ           #...         80%         1    ##.....
 Summon Ice Beast         Ice/Summ       #.......     100%        4    #####..
 Call Imp                 Summ           #.......     90%         2    ###....
 Call Canine Familiar     Summ           #.......     99%         3    ####...
 Summon Lightning Spire   Summ/Air       #.......     100%        4    #####..
 Summon Guardian Golem    Hex/Summ       #.......     99%         3    ####...


Dungeon Overview and Level Annotations

Branches:
Dungeon (4/15)
 Temple: D:4-7

Altars:
Hepliaklqana
Uskayaw


Innate Abilities, Weirdness & Mutations

You reflexively headbutt those who attack you in melee.
You have a pair of horns on your head.


Message History

The ogre hits you with a giant club!!
Ouch! That really hurt!
You hit the ogre but do no damage. You headbutt the ogre.
The ogre is lightly wounded.
The ogre barely misses you.
You riposte.
You hit the ogre.
The ogre is moderately wounded.
You hit the ogre. You headbutt the ogre.
The ogre is heavily wounded.
The ogre closely misses you.
You riposte.
You barely miss the ogre.
The ogre is heavily wounded.
You slash the ogre!
You headbutt the ogre, but do no damage.
The ogre is severely wounded.
The ogre hits you with a giant club!!
* * * LOW HITPOINT WARNING * * *
Some of the chunks of flesh in your inventory have rotted away.
You barely miss the ogre. You headbutt the ogre.
The ogre is almost dead.
The ogre hits you with a giant club!
You die...

·▒·········▒·▒▒·▒▒▒·····
·▒·········▒·▒▒·▒·······
·▒·········▒·▒▒·▒·······
▒▒···········▒▒·▒·······
▒·········▒▒▒▒·▒·······
▒▒···)·····▒▒········▒
·▒···▒)▒▒▒▒▒▒········▒
·▒···▒·▒ ▒······%·▒
·▒▒▒▒▒·▒ ▒···@%···▒ ▒▒
▒·▒ ▒···O····▒ ▒ ▒·▒
▒·····▒▒▒▒ ▒ ▒▒▒▒·▒
▒·····▒ ▒ ▒····▒ ▒·····▒
▒ ▒····▒▒ ▒·····▒
▒▒▒·····▒ ▒▒▒▒▒▒▒
········▒ ···▒····▒


You could see an ogre.

Vanquished Creatures
  A scorpion (D:4)
  2 hounds (D:4)
  2 adders (D:3)
  3 gnolls (D:4)
  An ooze (D:3)
  2 worms (D:4)
  A dart slug (D:2)
  A ball python (D:3)
  5 bats
  7 goblins
  7 hobgoblins
  7 jackals (D:3)
  2 quokkas
  3 frilled lizards
  7 kobolds
  12 rats
63 creatures vanquished.

Notes
Turn   | Place    | Note
-------+----------+-------------------------------------------
     0 | D:1      | Azzok the Minotaur Fighter began the quest for the Orb.
     0 | D:1      | Reached XP level 1. HP: 19/19 MP: 0/0
   122 | D:1      | Reached skill level 4 in Fighting
   205 | D:1      | Reached XP level 2. HP: 24/28 MP: 1/1
   671 | D:2      | Reached skill level 5 in Fighting
   851 | D:2      | Reached XP level 3. HP: 36/36 MP: 2/2
  1192 | D:3      | Found a hide-covered altar of Uskayaw.
  1193 | D:3      | Noticed an enchanted hand axe
  1193 | D:3      | Noticed a hand axe
  1339 | D:3      | Found a hazy altar of Hepliaklqana.
  1342 | D:3      | Reached skill level 6 in Fighting
  1342 | D:3      | Reached XP level 4. HP: 43/44 MP: 3/3
  1407 | D:3      | Found a faded altar of an unknown god.
  1824 | D:4      | Reached skill level 7 in Fighting
  1824 | D:4      | Reached XP level 5. HP: 49/52 MP: 4/4
  2115 | D:4      | Noticed an ogre
  2122 | D:4      | Mangled by an ogre

Vault maps used:
D:1:      minmay_arrival_stair_chambers, minivault_25
D:3:      dancing_weapons_uskayaw, lemuel_round_altar,
          chequers_ecumenical_altar_lobes
D:4:      kiku_gazebo_pond_becter, minmay_temple_entry_from_below_a,
          first_ration, serial_shops, nicolae_shop_trees, shop, uniq_sigmund

Skill      XL: |  1  2  3  4 |
---------------+-------------+-----
Fighting       | 4 5 6 7 |  7.8
Long Blades    | |  2.4
Armour         | |  3.6
Shields        | |  3.6

Action                   |  1- 3 |  4- 6 || total
-------------------------+-------+-------++-------
Melee: Long sword        |    71 |    45 ||   116
       Headbutt          |    11 |    11 ||    22
  Eat: Chunk             |     1 |     3 ||     4
Armor: Scale mail        |    34 |    20 ||    54
Dodge: Dodged            |    43 |    14 ||    57
       Rpst.: Long sword |    14 |     3 ||    17

Table legend:
 A = Spawn XP
 B = Non-spawn XP
 C = Spawn XP percentage of total XP
 D = Spawn monster count
 E = Non-spawn monster count
 F = Spawn count percentage of total count
 G = Total turns spent on level
                    A         B        C        D         E        F      G
               +---------+---------+-------+---------+---------+-------+---------
         Total |       0 |     320 |   0.0 |       0 |      63 |   0.0 |  2122
               +---------+---------+-------+---------+---------+-------+---------
           D:1 |       0 |      12 |   0.0 |       0 |      10 |   0.0 |   495
           D:2 |       0 |      36 |   0.0 |       0 |      22 |   0.0 |   567
           D:3 |       0 |      67 |   0.0 |       0 |      22 |   0.0 |   602
           D:4 |       0 |     205 |   0.0 |       0 |       9 |   0.0 |   458
               +---------+---------+-------+---------+---------+-------+---------
